Map: Site Delta LE

Players

LiquidElazer (Elazer)

  • Race: Zerg Zerg
  • Spawn Location: 5:00

PtitDrogo - Winner!

  • Race: Protoss Protoss
  • Spawn Location: 11:00

Event: HomeStory Cup XXV

VOD

Have the link to the VOD?

Description

Time

  • Played on: June 22, 2024, 11:24 a.m.
  • Length: 18:09

All games in this series

Show
View Real Time Build Order
Export as new Build Order

LiquidElazer Zerg 

Build Orders: Hatch First, Lurkers 

Get SALT Encoding   

  12  0:00  Drone  
  13  0:12  Overlord  
  13  0:16  Drone  
  14  0:30  Drone x2  
  16  0:47  Hatchery  
  15  0:51  Drone  
  15  0:55  Drone  
  17  0:58  Drone  
  18  1:08  Extractor  
  17  1:13  Spawning Pool  
  17  1:17  Drone  
  17  1:19  Drone  
  18  1:27  Drone  
  19  1:38  Drone  
  20  1:49  Overlord  
  20  1:59  Queen x2  
  20  2:00  Zergling x2  
  20  2:01  Drone  
  26  2:10  Zergling x4  
  26  2:11  Metabolic Boost  
  28  2:21  Drone x2  
  30  2:31  Drone  
  30  2:32  Drone  
  32  2:37  Queen  
  32  2:42  Drone, Overlord  
  35  2:54  Hatchery  
  34  3:07  Drone  
  34  3:08  Drone  
  34  3:09  Drone  
  34  3:10  Drone x3  
  34  3:12  Queen  
  41  3:18  Overlord  
  41  3:24  Queen  
  44  3:27  Drone  
  44  3:29  Overlord  
  44  3:38  Drone x2  
  44  3:39  Drone  
  46  3:43  Drone x4  
  46  3:45  Drone  
  51  3:50  Queen  
  51  3:54  Drone x3  
  56  3:57  Overlord  
  56  4:02  Spore Crawler  
  55  4:03  Spore Crawler  
  55  4:07  Drone x2  
  55  4:09  Drone  
  57  4:13  Evolution Chamber  
  57  4:14  Drone x2  
  58  4:17  Zergling x2  
  58  4:18  Zergling x4  
  58  4:20  Zergling x2  
  58  4:22  Zergling x2  
  63  4:25  Zergling x2  
  63  4:28  Overlord  
  62  4:34  Drone x2  
  62  4:39  Zerg Melee Weapons Level 1  
  62  4:41  Drone x3  
  62  4:43  Overlord  
  65  4:55  Drone x6  
  65  4:57  Drone  
  65  4:58  Hatchery, Drone  
  70  5:06  Extractor  
  69  5:07  Drone x3, Baneling Nest  
  69  5:09  Zergling x2  
  72  5:14  Zergling x10  
  72  5:15  Zergling x2  
  72  5:17  Zergling x4  
  72  5:20  Zergling x4  
  82  5:23  Overlord  
  82  5:28  Overlord  
  79  5:36  Overlord  
  79  5:41  Drone x2  
  79  5:42  Drone  
  79  5:43  Zergling x2  
  79  5:44  Zergling x20  
  79  5:49  Overlord  
  90  5:52  Baneling x6  
  90  5:56  Overlord  
  90  5:57  Zergling x2  
  90  6:01  Baneling  
  90  6:03  Zergling x2  
  92  6:06  Baneling  
  92  6:07  Zergling x4  
  92  6:08  Baneling  
  88  6:21  Zergling x26  
  95  6:28  Roach Warren  
  95  6:29  Extractor  
  95  6:32  Zergling x8  
  91  6:35  Lair  
  91  6:39  Zergling x2  
  87  6:45  Zergling x16  
  92  6:53  Drone x3  
  95  6:56  Drone x2, Zerg Missile Weapons Level 1  
  95  6:57  Drone  
  98  7:03  Drone x3  
  98  7:05  Overlord  
  98  7:08  Drone  
  102  7:10  Drone x5  
  104  7:24  Overlord  
  104  7:28  Roach x9  
  106  7:39  Roach x4  
  106  7:42  Roach x2  
  110  7:46  Zergling x6, Extractor x2  
  109  7:53  Roach x3  
  109  7:55  Drone x4  
  109  7:56  Drone x2  
  121  8:03  Zergling x6  
  124  8:06  Overlord, Extractor  
  124  8:08  Hydralisk Den, Drone x2  
  124  8:10  Hatchery  
  124  8:11  Spore Crawler  
  124  8:12  Spore Crawler, Drone x2  
  123  8:16  Overseer  
  123  8:17  Roach  
  123  8:18  Roach x2  
  129  8:21  Roach  
  129  8:24  Roach x2  
  129  8:25  Overlord  
  133  8:32  Roach x4  
  133  8:33  Zergling x10  
  146  8:41  Overlord x4  
  145  8:51  Zerg Missile Weapons Level 2, Roach x3  
  145  8:53  Overlord  
  164  9:02  Roach  
  164  9:03  Roach x8  
  164  9:06  Glial Reconstitution  
  164  9:10  Extractor  
  164  9:11  Drone x5, Extractor  
  164  9:13  Drone  
  166  9:25  Overlord  
  166  9:28  Hydralisk x7  
  177  9:37  Hatchery, Drone x3  
  179  9:44  Drone, Overlord  
  179  9:45  Grooved Spines  
  180  9:52  Hydralisk x5  
  190  10:00  Hatchery  
  189  10:13  Roach x6  
  199  10:16  Infestation Pit  
  198  10:24  Overseer, Pneumatized Carapace  
  198  10:35  Muscular Augments  
  193  10:54  Hydralisk x7  
  197  10:57  Hive  
  197  10:58  Lurker Den  
  188  11:05  Spine Crawler, Drone x12  
  193  11:20  Hydralisk x4  
  199  11:26  Spine Crawler  
  199  11:31  Hydralisk x3  
  198  11:45  Hydralisk x8  
  166  12:01  Zergling x8  
  166  12:02  Zergling x34  
  166  12:05  Drone  
  166  12:06  Drone  
  166  12:08  Drone x3, Spore Crawler, Evolution Chamber  
  187  12:10  Zerg Melee Weapons Level 2  
  187  12:11  Spine Crawler  
  187  12:15  Seismic Spines  
  185  12:19  Adrenal Glands  
  185  12:31  Spine Crawler  
  185  12:32  Spine Crawler  
  185  12:36  Spine Crawler x2, Drone x5  
  186  12:37  Spine Crawler  
  186  12:39  Spine Crawler  
  186  12:42  Drone x3  
  186  12:43  Spine Crawler  
  181  12:45  Zerg Missile Weapons Level 3  
  181  12:50  Lurker x5  
  185  12:52  Overseer  
  185  12:53  Overseer  
  185  12:58  Lurker x6  
  169  13:21  Spine Crawler  
  169  13:22  Spine Crawler  
  169  13:23  Spine Crawler  
  169  13:25  Zergling x32  
  182  13:27  Nydus Network  
  182  13:29  Nydus Network  
  182  13:31  Lurker x4  
  184  13:34  Lurker  
  184  13:39  Adaptive Talons  
  184  13:42  Zergling x20  
  193  13:54  Drone x6  
  193  13:55  Spine Crawler  
  198  13:56  Spine Crawler x2  
  194  14:10  Lurker x5  
  196  14:32  Hydralisk  
  188  14:39  Hydralisk  
  188  14:40  Hydralisk x5  
  200  14:45  Nydus Canal  
  200  14:46  Nydus Canal  
  199  15:01  Nydus Canal x2  
  192  15:11  Overseer, Hydralisk x9  
  191  15:25  Hydralisk x4  
  199  15:29  Zerg Melee Weapons Level 3, Zerg Ground Armor Level 1  
  190  15:42  Hydralisk x10  
  177  15:45  Hydralisk  
  177  15:46  Zergling x28, Hydralisk  
  198  15:51  Nydus Canal  
  198  15:52  Nydus Canal  
  198  15:57  Zergling x4  
  198  16:00  Overseer  
  197  16:07  Zergling x24  
  200  16:15  Nydus Canal x2  
  197  16:20  Zergling x14  
  197  16:22  Lurker x3  
  172  16:27  Hydralisk x3  
  172  16:31  Hydralisk x9  
  160  16:34  Zergling x4  
  160  16:35  Nydus Canal  
  160  16:37  Zergling x4  
  160  16:39  Extractor  
  163  16:41  Extractor  
  162  16:49  Hatchery  
  153  16:54  Nydus Canal  
  153  16:56  Zergling x16  
  154  17:04  Lurker x5  
  154  17:05  Lurker  
  159  17:08  Drone x2  
  159  17:09  Drone  
  159  17:13  Lurker  
  163  17:18  Zergling x24  
  170  17:25  Zergling x2  
  170  17:26  Zergling x10  
  169  17:35  Hydralisk x4  
  164  17:38  Hydralisk  
  164  17:39  Hydralisk x3  
  164  17:42  Hydralisk  
  164  17:43  Zergling x2  
  162  17:55  Hatchery  
Show
View Real Time Build Order
Export as new Build Order

PtitDrogo Protoss - Winner!

Build Orders: 1 Gate Expand, Oracle Opening, Carriers, Zealot Archon 

Get SALT Encoding   

  12  0:00  Probe  
  13  0:12  Probe  
  14  0:20  Pylon  
  14  0:24  Probe  
  15  0:38  Probe (Chrono Boost)  
  15  0:40  Gateway  
  16  0:47  Probe (Chrono Boost)  
  17  0:51  Assimilator  
  17  0:52  Probe (Chrono Boost)  
  19  1:04  Probe  
  19  1:16  Probe  
  20  1:27  Nexus  
  20  1:37  Cybernetics Core  
  20  1:39  Probe  
  21  1:48  Assimilator  
  21  1:52  Probe  
  22  1:56  Pylon  
  22  2:04  Probe  
  23  2:11  Adept (Chrono Boost)  
  25  2:16  Probe  
  25  2:18  Stargate  
  26  2:27  Warp Gate  
  26  2:28  Probe (Chrono Boost)  
  27  2:34  Adept  
  29  2:39  Probe (Chrono Boost)  
  31  2:46  Probe (Chrono Boost)  
  31  2:48  Probe (Chrono Boost)  
  32  2:53  Probe x2 (Chrono Boost)  
  34  3:00  Oracle (Chrono Boost)  
  34  3:04  Probe  
  38  3:10  Probe  
  39  3:12  Pylon  
  39  3:16  Probe  
  39  3:18  Gateway  
  40  3:22  Probe  
  41  3:28  Probe  
  41  3:29  Oracle (Chrono Boost)  
  41  3:34  Probe  
  46  3:41  Probe  
  47  3:46  Probe  
  47  3:47  Nexus  
  48  3:50  Pylon  
  48  3:54  Probe  
  49  3:58  Probe (Chrono Boost)  
  49  4:00  Oracle  
  54  4:10  Probe x2 (Chrono Boost)  
  54  4:13  Pylon  
  54  4:14  Assimilator  
  54  4:16  Assimilator, Stalker  
  57  4:21  Probe x2 (Chrono Boost)  
  57  4:22  Stalker  
  61  4:30  Probe (Chrono Boost)  
  62  4:35  Probe (Chrono Boost)  
  62  4:37  Probe (Chrono Boost)  
  64  4:45  Probe  
  65  4:47  Forge, Twilight Council  
  65  4:48  Robotics Facility, Probe  
  66  4:59  Probe (Chrono Boost)  
  66  5:00  Probe (Chrono Boost)  
  66  5:02  Probe (Chrono Boost)  
  67  5:09  Gateway x2, Probe x2 (Chrono Boost)  
  67  5:11  Zealot x2  
  67  5:12  Probe (Chrono Boost)  
  74  5:14  Probe x2 (Chrono Boost)  
  76  5:21  Probe  
  76  5:22  Pylon  
  76  5:25  Templar Archives  
  76  5:26  Probe x2  
  79  5:33  Probe  
  77  5:38  Probe, Protoss Ground Weapons Level 1 (Chrono Boost)  
  77  5:41  Probe  
  79  5:42  Shield Battery  
  79  5:44  Charge  
  79  5:46  Warp Prism  
  79  5:49  Pylon  
  81  5:50  Assimilator  
  81  5:51  Assimilator  
  81  5:52  Zealot x2  
  81  5:55  Probe  
  81  5:56  Pylon  
  86  6:01  Probe  
  87  6:04  High Templar  
  87  6:05  High Templar  
  87  6:08  Archon  
  87  6:11  Gateway  
  91  6:14  Gateway  
  87  6:20  Zealot x2  
  71  6:32  Pylon  
  71  6:39  Zealot x2  
  74  6:41  Zealot x2  
  74  6:44  Probe x2  
  74  6:45  Probe  
  76  6:50  Shield Battery  
  76  6:53  Gateway  
  76  6:55  Gateway x2  
  76  6:56  Probe (Chrono Boost)  
  76  6:57  Probe x2 (Chrono Boost)  
  76  7:00  High Templar x2  
  83  7:01  High Templar  
  83  7:02  High Templar  
  83  7:06  Archon x2  
  87  7:09  Probe x2 (Chrono Boost)  
  87  7:11  Pylon  
  87  7:12  Pylon  
  87  7:15  Probe (Chrono Boost)  
  87  7:16  Zealot  
  87  7:18  Pylon, Probe x2 (Chrono Boost)  
  87  7:22  Probe (Chrono Boost)  
  90  7:23  Probe x2  
  90  7:25  Zealot  
  93  7:33  Zealot, Probe  
  93  7:34  Zealot x3  
  93  7:35  Probe x2  
  98  7:45  Probe  
  98  7:47  Probe x2  
  98  7:49  Pylon  
  98  7:50  High Templar x2  
  105  7:53  Photon Cannon  
  105  7:55  Zealot, Archon  
  105  7:57  Probe  
  108  7:59  Probe x2  
  108  8:03  Zealot, Protoss Ground Weapons Level 2 (Chrono Boost), High Templar x2  
  116  8:09  Probe  
  116  8:10  Archon  
  117  8:19  Pylon  
  117  8:23  Gateway  
  117  8:24  Immortal (Chrono Boost)  
  117  8:29  Zealot  
  117  8:32  Psionic Storm  
  123  8:38  Zealot  
  123  8:39  Zealot  
  126  8:49  High Templar  
  126  8:50  Zealot x3, Nexus, High Templar  
  126  8:53  Pylon  
  136  9:03  Immortal (Chrono Boost)  
  136  9:07  Probe  
  136  9:09  Pylon  
  141  9:19  Probe  
  141  9:21  Zealot x3  
  148  9:24  Probe  
  148  9:25  Shield Battery  
  148  9:28  Probe  
  148  9:33  Photon Cannon, Immortal (Chrono Boost)  
  148  9:38  Probe x2  
  150  9:42  Robotics Facility  
  150  9:44  Robotics Facility  
  146  9:57  High Templar x3  
  146  9:58  Zealot x2  
  156  10:00  Shield Battery x2  
  156  10:02  Archon, Immortal (Chrono Boost)  
  160  10:07  Probe x2  
  160  10:08  Probe  
  161  10:16  Assimilator, Zealot x3  
  161  10:18  Assimilator  
  161  10:20  Photon Cannon  
  167  10:24  Protoss Ground Weapons Level 3 (Chrono Boost)  
  167  10:28  Pylon  
  167  10:30  Probe x2  
  167  10:32  Pylon  
  169  10:40  Pylon  
  169  10:41  Probe x2  
  171  10:46  Immortal x2 (Chrono Boost)  
  175  10:50  Immortal (Chrono Boost)  
  155  10:58  Zealot x5, Stalker x3  
  163  11:16  Immortal x2 (Chrono Boost)  
  150  11:35  Stalker x8  
  150  11:39  Immortal (Chrono Boost)  
  166  11:40  Zealot  
  160  11:47  Immortal (Chrono Boost)  
  164  11:57  Immortal (Chrono Boost)  
  164  11:58  Zealot x5  
  164  12:03  High Templar x4  
  172  12:12  Blink  
  172  12:23  High Templar x5  
  172  12:24  Nexus  
  172  12:25  Shield Battery  
  172  12:26  Pylon  
  180  12:39  Zealot x4  
  178  12:48  Immortal x2 (Chrono Boost)  
  178  12:49  Shield Battery  
  178  12:51  Photon Cannon  
  184  12:52  Photon Cannon  
  184  12:55  High Templar x2  
  184  12:57  High Templar x2  
  192  12:58  Zealot  
  192  13:00  Archon  
  192  13:12  Nexus  
  192  13:14  Protoss Ground Armor Level 1 (Chrono Boost)  
  192  13:15  Photon Cannon  
  192  13:17  Immortal (Chrono Boost), Photon Cannon  
  192  13:18  Shield Battery  
  188  13:22  Shield Battery  
  188  13:24  High Templar, Photon Cannon  
  188  13:25  Zealot x2, High Templar  
  196  13:29  Archon  
  196  13:35  Pylon  
  196  13:38  Observer x2 (Chrono Boost)  
  194  13:45  Shield Battery  
  192  13:51  Assimilator  
  192  13:59  Zealot x4  
  200  14:06  Pylon  
  200  14:08  Assimilator  
  200  14:22  Fleet Beacon  
  200  14:26  Stargate  
  200  14:28  Stargate  
  200  14:33  Protoss Air Weapons Level 1 (Chrono Boost)  
  196  14:40  Zealot x2  
  200  14:57  Nexus  
  200  14:58  Photon Cannon  
  200  14:59  Pylon  
  195  15:02  Photon Cannon  
  195  15:04  Photon Cannon  
  193  15:07  Photon Cannon  
  193  15:13  Photon Cannon  
  193  15:14  Carrier (Chrono Boost)  
  193  15:21  Zealot x6  
  177  15:43  Carrier x2 (Chrono Boost)  
  177  15:55  Zealot x7  
  177  15:56  Zealot x2  
  193  16:13  Observer  
  193  16:14  Observer  
  193  16:17  Carrier (Chrono Boost)  
  199  16:23  Archon  
  173  16:37  Carrier (Chrono Boost)  
  185  16:42  Carrier (Chrono Boost)  
  185  16:47  Zealot x2, High Templar x5  
  185  16:52  Photon Cannon  
  185  16:53  Archon x2, Photon Cannon  
  193  16:55  Photon Cannon  
  193  16:57  Shield Battery, Zealot x2  
  193  17:01  Assimilator, Photon Cannon  
  191  17:03  Carrier (Chrono Boost)  
  191  17:05  Photon Cannon  
  191  17:06  Assimilator  
  191  17:20  Zealot x2  
  191  17:21  Zealot x3  
  192  17:28  Observer x4  
  194  17:51  Zealot x3  
Tags
 
Add a new tag
Caveats
  • Supply blocks, unpowered buildings, or Contaminate may cause inaccurate times.
  • Supply counts are checked every 10 seconds.